 Dungeon Crawl Stone Soup version 0.28.0-43-g3370ac3207 (webtiles) character file.

Game seed: 11224519089379526875

628 adizb the Magician (level 7, 0/38 HPs)
             Began as a Deep Elf Conjurer on Mar 15, 2022.
             Slain by a gnoll sergeant
             ... wielding a +0 spear
              (11 damage)
             ... on level 5 of the Dungeon.
             The game lasted 00:20:57 (3326 turns).

adizb the Magician (Deep Elf Conjurer)              Turns: 3326, Time: 00:21:00

Health: 0/38       AC:  3    Str:  4    XL:     7   Next: 23%
Magic:  4/18       EV: 13    Int: 25    God:
Gold:   58         SH:  4    Dex: 13    Spells: 9/18 levels left

rFire   . . .      SeeInvis .   s - +1 hand axe (venom)
rCold   . . .      Faith    .   w - +0 buckler
rNeg    . . .      Spirit   .   a - +0 robe
rPois   .          Reflect  .   i - +0 helmet
rElec   .          Harm     .   (no cloak)
rCorr   .          Rampage  .   (no gloves)
Will    .....                   (no boots)
Stlth   ++........              p - amulet of the acrobat
HPRegen 0.12/turn               (no ring)
MPRegen 0.16/turn               (no ring)

@: very slightly contaminated
A: no striking features
a: no special abilities


You were on level 5 of the Dungeon.
You visited 1 branch of the dungeon, and saw 5 of its levels.

You collected 261 gold pieces.
You spent 203 gold pieces at shops.

Inventory:

Hand Weapons
 s - a +1 hand axe of venom (weapon)
 u - a +0 shortbow
Missiles
 f - 152 arrows
Armour
 a - a +0 robe (worn)
 i - a +0 helmet (worn)
 w - a +0 buckler (worn)
Jewellery
 p - an amulet of the acrobat (around neck)
 r - a ring of fire
Wands
 k - a wand of paralysis (6)
 n - a wand of flame (27)
Scrolls
 e - a scroll of holy word {unknown}
 o - a scroll of teleportation {unknown}
 q - a scroll of fog
 t - a scroll of identify {unknown}
 v - a scroll of fear {unknown}
Potions
 b - a potion of degeneration {unknown}
 c - a potion of curing {unknown}
 d - a potion of attraction {unknown}
 g - 2 potions of lignification {unknown}
 h - 2 potions of heal wounds {unknown}
 j - 2 potions of brilliance {unknown}
 l - 2 potions of might {unknown}


   Skills:
 - Level 1.0 Fighting
 - Level 1.5 Bows
 + Level 4.4 Dodging
 - Level 2.4 Stealth
 * Level 1.1 Shields
 - Level 6.4 Spellcasting
 - Level 6.0 Conjurations
 + Level 2.8 Hexes
 - Level 2.3 Necromancy


You had 9 spell levels left.
You knew the following spells:

 Your Spells              Type           Power      Damage    Failure   Level
a - Magic Dart            Conj           100%       1d8       1%          1
b - Searing Ray           Conj           76%        2d7       1%          2
c - Dazzling Flash        Conj/Hex       60%        N/A       4%          3
d - Vampiric Draining     Necr           19%        2d7       11%         3

Your spell library contained the following spells:

 Spells                   Type           Power      Damage    Failure   Level
 Animate Skeleton         Necr           38%        N/A       3%          1
 Pain                     Necr           76%        1d7       3%          1
 Fulminant Prism          Conj/Hex       15%        3d11      16%         4
 Iskenderun's Mystic Bla  Conj/Tloc      23%        2d6       26%         4


Dungeon Overview and Level Annotations

Branches:
Dungeon (5/15)
 Temple: D:4-7

Altars:
Ashenzari
Fedhas
Kikubaaqudgha
Makhleb
Nemelex Xobeh
Vehumet

Shops:
D:1 ?   D:2 !   D:5 [(


Message History

Your Shields skill increases to level 1!
The searing ray hits the gnoll!
The gnoll is almost dead.
The gnoll sergeant misses your orc. The gnoll barely misses your orc.
You block the gnoll's attack.
Your orc hits the gnoll with a +0 flail!
The gnoll dies!
Aiming: Magic Dart (safe; 1% risk of failure)
Press: ? - help, Q - select action, (/) - cycle Shift-Dir - straight line, f - gnoll sergeant
Aim: a gnoll sergeant, wielding a +0 spear and wearing a +0 scale mail (severely wounded, 100% to hit)
Okay, then.
The gnoll sergeant hits your orc from afar with a +0 spear!
Your orc dies!
Your orc's corpse dissolves into shadows!
The gnoll completely misses you.
Aiming: Searing Ray (safe; 1% risk of failure)
Press: ? - help, Q - select action, (/) - cycle Shift-Dir - straight line The searing ray hits the gnoll.
The gnoll is heavily wounded.
The searing ray misses the gnoll sergeant. (Press . to maintain the ray.)
The searing ray hits the gnoll!
You kill the gnoll!
The searing ray misses the gnoll sergeant.
The gnoll sergeant completely misses you.
The searing ray hits the gnoll sergeant.
The gnoll sergeant is almost dead.
You block the gnoll sergeant's attack.
The searing ray hits the gnoll sergeant but does no damage.
The gnoll sergeant is almost dead.
You finish channelling your searing ray.
The gnoll sergeant hits you from afar with a +0 spear.
* * * LOW HITPOINT WARNING * * *
Aiming: Searing Ray (safe; 1% risk of failure)
Press: ? - help, Q - select action, (/) - cycle Shift-Dir - straight line You miscast Searing Ray.
You are very lightly contaminated with residual magic.
Nothing appears to happen.
The gnoll sergeant hits you from afar with a +0 spear!
You die...

.#..........# #....)..#...# .
.#..........#
#.......#...##..#
.#..........#
#............=..#
.#..........#
#(..............#
............#
#.......☼.○.○...+
#######.....#
#.........☼☼.... #.....#
#g......§....####. #.....#
#)...............# #..<..#
#@.##..†.........#
###.....####..##..##........#
#...#+##..........######....#
##.>...#.........∩...# ####
#.....'.......##....#
#.....#.......##..###
#.....#...........##
#######............#
##############


You could see a gnoll sergeant.

Vanquished Creatures
  A water moccasin (D:5)
  2 sky beasts (D:5)
  A centaur (D:5)
  Jessica (D:2)
  An iguana (D:5)
  A scorpion zombie (D:5)
  A hound skeleton (D:4)
  2 gnolls (D:5)
  6 adders
  An adder skeleton (D:3)
  A worm (D:2)
  3 dart slugs
  2 orcs (D:3)
  2 ball pythons (D:2)
  6 bats
  16 endoplasms
  5 giant cockroaches
  3 goblins
  3 hobgoblins
  2 jackals (D:2)
  5 kobolds (D:3)
  8 quokkas
  3 frilled lizards
  6 rats
  A spectral hobgoblin (D:2)
83 creatures vanquished.

Vanquished Creatures (collateral kills)
  A gnoll (D:5)
1 creature vanquished.

Vanquished Creatures (others)
  A human (D:4)
  6 plants (D:4)
7 creatures vanquished.

Grand Total: 91 creatures vanquished

Notes
Turn   | Place    | Note
-------+----------+-------------------------------------------
     0 | D:1      | adizb the Deep Elf Conjurer began the quest for the Orb.
     0 | D:1      | Reached XP level 1. HP: 10/10 MP: 6/6
   109 | D:1      | Reached XP level 2. HP: 6/15 MP: 4/8
   112 | D:1      | Learned a level 2 spell: Searing Ray
   168 | D:1      | Found Iklar's Magic Scroll Shoppe.
   577 | D:2      | Found Lizobuakk's Distillery.
   579 | D:2      | Found a broken altar of Ashenzari.
   581 | D:2      | Reached XP level 3. HP: 19/19 MP: 8/10
   602 | D:2      | Learned a level 3 spell: Dazzling Flash
   634 | D:2      | Reached skill level 5 in Conjurations
   907 | D:2      | Found a faded altar of an unknown god.
   975 | D:2      | Reached XP level 4. HP: 24/24 MP: 8/12
  1125 | D:3      | Learned a level 3 spell: Vampiric Draining
  1413 | D:1      | Bought a scroll of summoning for 95 gold pieces
  1465 | D:2      | Noticed Jessica
  1467 | D:2      | Killed Jessica
  1499 | D:3      | Found a sparkling altar of Nemelex Xobeh.
  1646 | D:3      | Found a blossoming altar of Fedhas.
  1705 | D:3      | Reached skill level 1 in Hexes
  1767 | D:3      | Reached skill level 5 in Spellcasting
  1767 | D:3      | Reached XP level 5. HP: 21/28 MP: 0/14
  2089 | D:4      | Found a burning altar of Makhleb.
  2426 | D:4      | Reached skill level 1 in Necromancy
  2462 | D:4      | Found an ancient bone altar of Kikubaaqudgha.
  2477 | D:4      | Noticed a human
  2479 | D:4      | Killed a human
  2887 | D:5      | Entered Level 5 of the Dungeon
  2907 | D:5      | Noticed a centaur
  2951 | D:5      | Killed a centaur
  2952 | D:5      | Reached XP level 6. HP: 10/32 MP: 8/16
  2987 | D:5      | Found Lofeapp's Antique Armour Shoppe.
  2987 | D:5      | Noticed a water moccasin
  3000 | D:5      | Noticed a sky beast
  3011 | D:5      | Killed a sky beast
  3147 | D:5      | Killed a water moccasin
  3148 | D:5      | Reached skill level 1 in Bows
  3178 | D:5      | Bought a buckler for 108 gold pieces
  3252 | D:5      | Found Ezahayx's Weapon Boutique.
  3263 | D:5      | Found a radiant altar of Vehumet.
  3269 | D:5      | Noticed a sky beast
  3279 | D:5      | Killed a sky beast
  3280 | D:5      | Reached skill level 1 in Fighting
  3280 | D:5      | Reached XP level 7. HP: 21/38 MP: 10/18
  3313 | D:5      | Reached skill level 1 in Shields
  3326 | D:5      | Slain by a gnoll sergeant

Illustrated notes

Levels and vault maps discovered:
D:1:      lemuel_arrival_room, layout_basic, serial_shops, shop_statue,
          minmay_crystal_room, st_stairs_1, minmay_tiny_reverse_x
D:2:      layout_loops_ring, basic_altar, serial_shops, shop,
          dreamdust_ecumenical_altar_drowned_temple, uniq_jessica
D:3:      layout_loops_ring, mainiacjoe_overflow_boulevard,
          lemuel_crystal_altar, minmay_vboxes
D:4:      layout_basic, mainiacjoe_overflow_brackets, tgw_kikubaaqudgha,
          hangedman_decor_diamond_cutter, serial_bayou_lagoon_a,
          corexii_hall_statues_t
D:5:      layout_gridville, fiery_altar_vehumet, serial_shops,
          nicolae_square_shop, shop, uniq_blork_the_orc

Skill      XL: |  1  2  3  4  5  6  7 |
---------------+----------------------+-----
Spellcasting   | 4 5 6 |  6.4
Dodging        | 3 4 |  4.4
Conjurations   | 5 6 |  6.0
Hexes          | 1 2 |  2.8
Necromancy     | 1 2 |  2.3
Bows           | 1 |  1.5
Fighting       | 1 |  1.0
Shields        | 1 |  1.1
Stealth        | |  2.4

Action                   |  1- 3 |  4- 6 |  7- 9 || total
-------------------------+-------+-------+-------++-------
Melee: Whip              |    14 |     5 |       ||    19
       Hand axe          |       |     9 |       ||     9
 Fire: Shortbow          |       |    14 |       ||    14
 Cast: Magic Dart        |    73 |    62 |       ||   135
       Searing Ray       |       |    14 |     3 ||    17
       Vampiric Draining |       |     2 |       ||     2
  Use: Scroll            |     4 |       |     1 ||     5
 Stab: Sleeping          |     1 |       |       ||     1
Armor: Robe              |     4 |     4 |       ||     8
Dodge: Dodged            |    11 |    45 |     7 ||    63
Block: Buckler           |       |       |     2 ||     2
